 Dungeon Crawl Stone Soup version 0.17-a0-2208-ge5ab1d3 (webtiles) character file.

28 tp1 the Chopper (level 3, -5/34 HPs)
             Began as a Gargoyle Berserker on Oct 26, 2015.
             Was a Believer of Trog.
             Slain by a gnoll
             ... wielding a +0 flail
              (9 damage)
             ... on level 2 of the Dungeon.
             The game lasted 00:03:18 (1050 turns).

tp1 the Chopper (Gargoyle Berserker)                Turns: 1050, Time: 00:03:25

Health: -5/34      AC:  6    Str: 26    XL:     3   Next: 14%
Magic:  3/3        EV: 11    Int:  7    God:    Trog [**....]
Gold:   61         SH:  0    Dex:  9    Spells: 0 memorised, 2 levels left

rFire  . . .     SeeInvis .     a - +0 hand axe
rCold  . . .     Clarity  .     i - +0 leather armour
rNeg   + . .     SustAt   .     (no shield)
rPois  ∞         Gourm    .     (no helmet)
rElec  +         Spirit   .     (no cloak)
rCorr  .         Warding  .     (no gloves)
rMut   .         Stasis   .     (no boots)
MR     .....                    (no amulet)
Stlth  ..........               (no ring)
                                (no ring)

@: berserking, very quick, not resistant to hostile enchantments, extremely
unstealthy
A: negative energy resistance 1, electricity resistance, unbreathing,
petrification resistance, rot immunity, AC +3
a: Berserk, Trog's Hand, Burn Spellbooks, Renounce Religion


You were on level 2 of the Dungeon.
You worshipped Trog.
Trog was pleased with you.
You were not hungry.

You visited 1 branch of the dungeon, and saw 2 of its levels.

You collected 61 gold pieces.

Inventory:

Hand Weapons
 a - a +0 hand axe (weapon)
Armour
 b - a +0 animal skin
 i - a +0 leather armour (worn)
Jewellery
 g - a cursed amulet of inaccuracy {unknown}
Scrolls
 d - a scroll of blinking {unknown}
 e - 2 scrolls of identify {unknown}
 j - a scroll of enchant weapon {unknown}
Potions
 f - a potion of lignification {unknown}
 h - a potion of brilliance {unknown}
Comestibles
 c - a bread ration
 k - 2 chunks of flesh
 l - a beef jerky


   Skills:
 - Level 3.3 Fighting
 + Level 3.6 Axes
 - Level 2.3 Armour
 - Level 1.6 Dodging


You had 2 spell levels left.
You didn't know any spells.

Dungeon Overview and Level Annotations

Branches:
Dungeon (2/15)

Altars:
Ashenzari


Innate Abilities, Weirdness & Mutations

You are resistant to torment.
Your stone body is resilient (AC +3).
You are immune to poison.
You resist negative energy.
You are resistant to electric shocks.
You can survive without breathing.
You are immune to petrification.
You are immune to rotting.


Message History

The gnoll barely misses you. x2
The gnoll hits you from afar with a spear.
You barely miss the gnoll.
The gnoll is almost dead.
You hit the gnoll.
The gnoll is almost dead.
You hit the gnoll but do no damage. The gnoll hits you with a whip.
The gnoll hits you with a flail.
* * * LOW HITPOINT WARNING * * *
The gnoll hits you but does no damage. The gnoll barely misses you.
The gnoll barely misses you.
Drink which item? (? for menu, Esc to quit)
Okay, then.
A red film seems to cover your vision as you go berserk!
You feel yourself moving faster!
You feel mighty!
You feel quite a bit more hungry.
The gnoll hits you from afar with a spear.
* * * LOW HITPOINT WARNING * * *
The gnoll hits you with a flail!
You die...

###...# ..#
..... #..##
#.... .... #...#
#..# #...# #..
#...# #.#
#.###g..###.###
#....g@.......#
.....gg..###.#.#
##.###...# #.#.#
#...###.#.#
#....##.#.#
#....##.#.#
#....##...#
#....####.# ##
#....†....#


You could see 4 gnolls.

Vanquished Creatures
  An ooze (D:1)
  5 goblins (D:1)
  3 hobgoblins (D:1)
  5 kobolds (D:1)
  A ball python (D:1)
  A bat (D:1)
  2 giant newts (D:1)
  7 rats
25 creatures vanquished.

Notes
Turn   | Place    | Note
--------------------------------------------------------------
     0 | D:1      | tp1 the Gargoyle Berserker began the quest for the Orb.
     0 | D:1      | Reached XP level 1. HP: 14/14 MP: 1/1
   373 | D:1      | Reached XP level 2. HP: 14/19 MP: 2/2
   752 | D:1      | Reached ** piety under Trog
   752 | D:1      | Reached XP level 3. HP: 23/23 MP: 3/3
  1017 | D:2      | Found a shattered altar of Ashenzari.
  1050 | D:2      | Slain by a gnoll

Vault maps used:
D:1:      elethiomel_arrival_maze
D:2:      lemuel_round_altar, old_standard_altar, makhleb_heckhound_becter,
          uniq_sigmund, uniq_terence

Action                   || total
-------------------------++-------
Melee: Hand axe          ||    96
Invok: Berserk           ||     1
  Eat: Chunk             ||     1
